SKY
ATLANTA BRAVES @ BALTIMORE ORIOLES
09/10/2052
 
TOP OF THE 1ST
Atlanta Braves batting - Pitching for Baltimore Orioles : RHP Max Ibbotson
Pitching: RHP Max Ibbotson
Batting: RHB Josias Jaynes 0-0: Foul Ball, location: 2F
0-1: Ball
1-1: Fly out, F9 (Flyball, 9D, EV 94.4 MPH)
Batting: RHB Phooka May 0-0: Foul Ball, location: 25FF
0-1: Called Strike
0-2: Strikes out swinging
Batting: RHB Jagger Macon 0-0: Called Strike
0-1: Swinging Strike
0-2: Ball
1-2: Ball
2-2: Foul Ball, location: 2F
2-2: Strikes out swinging
Top of the 1st over - 0 runs, 0 hits, 0 errors, 0 left on base; Atlanta 0 - Baltimore 0
BOTTOM OF THE 1ST
Baltimore Orioles batting - Pitching for Atlanta Braves : LHP Jefry Alcantara
Pitching: LHP Jefry Alcantara
Batting: RHB Jitters Childress 0-0: Ball
1-0: Called Strike
1-1: Ball
2-1: Called Strike
2-2: Ball
3-2: Strikes out swinging
Batting: SHB Magglio Trego 0-0: Ball
1-0: Foul Ball, location: 2F
1-1: Called Strike
1-2: Ball
2-2: Fly out, F4 (Popup, 6M, EV 49.4 MPH)
Batting: RHB Mateo Decker 0-0: Called Strike
0-1: Ball
1-1: Ball
2-1: Ball
3-1: Fly out, F8 (Flyball, 89D, EV 95.6 MPH)
Bottom of the 1st over - 0 runs, 0 hits, 0 errors, 0 left on base; Atlanta 0 - Baltimore 0
TOP OF THE 2ND
Atlanta Braves batting - Pitching for Baltimore Orioles : RHP Max Ibbotson
Batting: LHB Adrian Cooke 0-0: Ball
1-0: Called Strike
1-1: Swinging Strike
1-2: Ball
2-2: Ball
3-2: Foul Ball, location: 7LDF
3-2: Foul Ball, location: 7LSF
3-2: Foul Ball, location: 5FF
3-2: Base on Balls
Batting: RHB C.J. Chayrez 0-0: Fly out, F8 (Flyball, 8LXD, EV 92.5 MPH)
Batting: RHB Peter Guice 0-0: Ball
1-0: Ball
2-0: Called Strike
2-1: DOUBLE (Line Drive, 9LS, EV 90.0 MPH)
Adrian Cooke to third
Runner from 3rd tries for Home, SAFE, no throw by RF
Batting: RHB Jase Lucas 0-0: Called Strike
0-1: Foul Ball, location: 7LDF
0-2: Ground out 6-3 (Groundball, 6, EV 84.4 MPH)
Batting: RHB Sebastian Rolon 0-0: Foul Ball, location: 2F
0-1: Ball
1-1: Swinging Strike
1-2: Ball
2-2: Ball
3-2: Ground out 4-3 (Groundball, 4S, EV 80.6 MPH)
Top of the 2nd over - 1 run, 1 hit, 0 errors, 1 left on base; Atlanta 1 - Baltimore 0
BOTTOM OF THE 2ND
Baltimore Orioles batting - Pitching for Atlanta Braves : LHP Jefry Alcantara
Batting: SHB Kaleb Drew 0-0: Ball
1-0: Foul Ball, location: 2F
1-1: Ball
2-1: Fly out, F8 (Flyball, 78M, EV 88.1 MPH)
Batting: RHB Truman Jackson 0-0: SOLO HOME RUN (Line Drive, 7LD, EV 96.3 MPH), Distance : 361 ft
Batting: RHB Cooper Bean 0-0: Ball
1-0: Fly out, F8 (Line Drive, 8RD, EV 75.0 MPH)
Batting: RHB Paul Ramos 0-0: Called Strike
0-1: SINGLE (Groundball, 4MD, EV 105.6 MPH)
Batting: RHB Gonçalo Melo 0-0: Ground out 5-3 (Groundball, 56, EV 98.1 MPH)
Bottom of the 2nd over - 1 run, 2 hits, 0 errors, 1 left on base; Atlanta 1 - Baltimore 1
TOP OF THE 3RD
Atlanta Braves batting - Pitching for Baltimore Orioles : RHP Max Ibbotson
Batting: RHB Zach Loftin 0-0: Ball
1-0: Ball
2-0: Foul Ball, location: 2RF
2-1: Fly out, F4 (Popup, 4S, EV 83.1 MPH)
Batting: RHB Josias Jaynes 0-0: Ball
1-0: Ball
2-0: Ball
3-0: Called Strike
3-1: Foul Ball, location: 9LDF
3-2: Foul Ball, location: 7LDF
3-2: Foul Ball, location: 2F
3-2: Ground out 6-3 (Groundball, 6, EV 90.0 MPH)
Batting: RHB Phooka May 0-0: Called Strike
0-1: Ball
1-1: Called Strike
1-2: Strikes out swinging
Top of the 3rd over - 0 runs, 0 hits, 0 errors, 0 left on base; Atlanta 1 - Baltimore 1
BOTTOM OF THE 3RD
Baltimore Orioles batting - Pitching for Atlanta Braves : LHP Jefry Alcantara
Batting: LHB Junino Exposito 0-0: Ball
1-0: Ball
2-0: Ball
3-0: Foul Ball, location: 5DF
3-1: Foul Ball, location: 23F
3-2: Strikes out swinging
Batting: RHB Jitters Childress 0-0: Called Strike
0-1: Swinging Strike
0-2: Ball
1-2: Ball
2-2: Ball
3-2: Base on Balls
Batting: SHB Magglio Trego 0-0: Foul Ball, location: 9LSF
0-1: Swinging Strike
0-2: Ball
1-2: SINGLE (Line Drive, 9S, EV 101.3 MPH)
Jitters Childress to second
Batting: RHB Mateo Decker 0-0: Foul Ball, location: 5FF
0-1: Ball
1-1: Called Strike
1-2: Foul Ball, location: 9LDF
1-2: Ball
2-2: Fly out, F4 (Line Drive, 4, EV 74.4 MPH)
Batting: SHB Kaleb Drew 0-0: Called Strike
0-1: Swinging Strike
0-2: Ball
1-2: Ball
2-2: Ball
3-2: Strikes out looking
Bottom of the 3rd over - 0 runs, 1 hit, 0 errors, 2 left on base; Atlanta 1 - Baltimore 1
TOP OF THE 4TH
Atlanta Braves batting - Pitching for Baltimore Orioles : RHP Max Ibbotson
Batting: RHB Jagger Macon 0-0: Ground out U3 (Groundball, 3S, EV 85.0 MPH)
Batting: LHB Adrian Cooke 0-0: Called Strike
0-1: Ball
1-1: Called Strike
1-2: DOUBLE (Groundball, 3L, EV 105.0 MPH)
Batting: RHB C.J. Chayrez 0-0: Swinging Strike
0-1: Foul Ball, location: 9LSF
0-2: Strikes out swinging, 2-3 out at first.
Batting: RHB Peter Guice 0-0: Called Strike
0-1: Ball
1-1: Swinging Strike
1-2: Ball
2-2: Foul Ball, location: 3F
2-2: Ball
3-2: Fly out, F7 (Flyball, 7, EV 91.9 MPH)
Top of the 4th over - 0 runs, 1 hit, 0 errors, 1 left on base; Atlanta 1 - Baltimore 1
BOTTOM OF THE 4TH
Baltimore Orioles batting - Pitching for Atlanta Braves : LHP Jefry Alcantara
Batting: RHB Truman Jackson 0-0: Swinging Strike
0-1: Foul Ball, location: 9LMF
0-2: Ball
1-2: Foul Ball, location: 5FF
1-2: Foul Ball, location: 2F
1-2: Ball
2-2: Foul Ball, location: 2F
2-2: Ball
3-2: Strikes out swinging
Batting: RHB Cooper Bean 0-0: Ground out 2-3 (Groundball, 2L, EV 68.1 MPH)
Batting: RHB Paul Ramos 0-0: Called Strike
0-1: TRIPLE (Line Drive, 9D, EV 99.4 MPH)
Batting: RHB Gonçalo Melo 0-0: Called Strike
0-1: Swinging Strike
0-2: Foul Ball, location: 2F
0-2: Ball
1-2: Ground out 6-3 (Groundball, 6, EV 110.6 MPH)
Bottom of the 4th over - 0 runs, 1 hit, 0 errors, 1 left on base; Atlanta 1 - Baltimore 1
TOP OF THE 5TH
Atlanta Braves batting - Pitching for Baltimore Orioles : RHP Max Ibbotson
Batting: RHB Jase Lucas 0-0: Ball
1-0: Foul Ball, location: 2RF
1-1: Ball
2-1: Foul Ball, location: 9LSF
2-2: Ground out 5-3 (Groundball, 15, EV 86.3 MPH)
Batting: RHB Sebastian Rolon 0-0: Called Strike
0-1: Foul Ball, location: 2F
0-2: Ball
1-2: Ball
2-2: Foul Ball, location: 5DF
2-2: Strikes out swinging
Batting: RHB Zach Loftin 0-0: Called Strike
0-1: Foul Ball, location: 5FF
0-2: Ball
1-2: Strikes out swinging
Top of the 5th over - 0 runs, 0 hits, 0 errors, 0 left on base; Atlanta 1 - Baltimore 1
BOTTOM OF THE 5TH
Baltimore Orioles batting - Pitching for Atlanta Braves : LHP Jefry Alcantara
Batting: LHB Junino Exposito 0-0: Called Strike
0-1: Ground out 6-3 (Groundball, 6D, EV 94.4 MPH)
Batting: RHB Jitters Childress 0-0: Ball
1-0: Foul Ball, location: 2F
1-1: Ball
2-1: Ground out 5-3 (Groundball, 56S, EV 86.3 MPH)
Batting: SHB Magglio Trego 0-0: Called Strike
0-1: SINGLE (Line Drive, 7LS, EV 103.8 MPH)
Batting: RHB Mateo Decker 0-0: Ball
1-0: Foul Ball, location: 3F
1-1: Ball
2-1: Foul Ball, location: 9LMF
2-2: Ball
3-2: Foul Ball, location: 2F
3-2: Base on Balls
Magglio Trego to second
Batting: SHB Kaleb Drew 0-0: Ball
1-0: Called Strike
1-1: Foul Ball, location: 9LDF
1-2: Foul Ball, location: 9LMF
1-2: Strikes out swinging
Bottom of the 5th over - 0 runs, 1 hit, 0 errors, 2 left on base; Atlanta 1 - Baltimore 1
TOP OF THE 6TH
Atlanta Braves batting - Pitching for Baltimore Orioles : RHP Max Ibbotson
Batting: RHB Josias Jaynes 0-0: Called Strike
0-1: Swinging Strike
0-2: Foul Ball, location: 3F
0-2: Ball
1-2: Ball
2-2: Foul Ball, location: 2F
2-2: Strikes out swinging
Batting: RHB Phooka May 0-0: Fly out, F8 (Flyball, 8RD, EV 108.1 MPH)
Batting: RHB Jagger Macon 0-0: Swinging Strike
0-1: Ball
1-1: Ground out 4-3 (Groundball, 4MS, EV 66.9 MPH)
Top of the 6th over - 0 runs, 0 hits, 0 errors, 0 left on base; Atlanta 1 - Baltimore 1
BOTTOM OF THE 6TH
Baltimore Orioles batting - Pitching for Atlanta Braves : LHP Jefry Alcantara
Batting: RHB Truman Jackson 0-0: Ball
1-0: Ball
2-0: Called Strike
2-1: Ground out 6-3 (Groundball, 6, EV 96.3 MPH)
Batting: RHB Cooper Bean 0-0: Ball
1-0: Ground out 1-3 (Groundball, 13S, EV 63.8 MPH)
Batting: RHB Paul Ramos 0-0: Ball
1-0: Fly out, F4 (Popup, 23, EV 88.8 MPH)
Bottom of the 6th over - 0 runs, 0 hits, 0 errors, 0 left on base; Atlanta 1 - Baltimore 1
TOP OF THE 7TH
Atlanta Braves batting - Pitching for Baltimore Orioles : RHP Max Ibbotson
Pitching: RHP Xavier Basha
Batting: LHB Adrian Cooke 0-0: Ball
1-0: Ball
2-0: Foul Ball, location: 7LMF
2-1: Foul Ball, location: 23F
2-2: Ball
3-2: Strikes out swinging
Batting: RHB C.J. Chayrez 0-0: Swinging Strike
0-1: Swinging Strike
0-2: Foul Ball, location: 2F
0-2: Ball
1-2: Ball
2-2: Ball
3-2: Strikes out swinging
Batting: RHB Peter Guice 0-0: Ball
1-0: Ground out 5-3 (Groundball, 56, EV 83.8 MPH)
Top of the 7th over - 0 runs, 0 hits, 0 errors, 0 left on base; Atlanta 1 - Baltimore 1
BOTTOM OF THE 7TH
Baltimore Orioles batting - Pitching for Atlanta Braves : LHP Jefry Alcantara
Pitching: LHP Doug Freligh
Batting: RHB Gonçalo Melo 0-0: Called Strike
0-1: Called Strike
0-2: Foul Ball, location: 25FF
0-2: Foul Ball, location: 23F
0-2: Ball
1-2: Ball
2-2: Fly out, F8 (Flyball, 78M, EV 95.6 MPH)
Batting: LHB Junino Exposito 0-0: Called Strike
0-1: Ball
1-1: Foul Ball, location: 23F
1-2: Ball
2-2: Ball
3-2: Base on Balls
Batting: RHB Jitters Childress 0-0: Ball
1-0: Ball
2-0: Foul Ball, location: 3DF
2-1: Swinging Strike
2-2: Foul Ball, location: 2F
2-2: Grounds into double play, 6-4-3 (Groundball, 6M, EV 83.8 MPH)
Bottom of the 7th over - 0 runs, 0 hits, 0 errors, 0 left on base; Atlanta 1 - Baltimore 1
TOP OF THE 8TH
Atlanta Braves batting - Pitching for Baltimore Orioles : RHP Xavier Basha
Pinch Hitting: LHB Isaiah Howerton 0-0: Ball
1-0: Ball
2-0: Ball
3-0: Base on Balls
Pinch Runner at 1st Wyatt Ritter:
Batting: RHB Sebastian Rolon 0-0: Ball
1-0: Ball
Wyatt Ritter steals 2nd base
2-0: Intentional Walk
Pinch Hitting: RHB Ryan Felker 0-0: Ball
1-0: Swinging Strike
1-1: Ball
2-1: Foul Ball, location: 2F
2-2: Strikes out swinging
Batting: RHB Josias Jaynes 0-0: Ball
1-0: Called Strike
Wyatt Ritter steals 3rd base
1-1: Foul Ball, location: 9LMF
1-2: Strikes out looking
Batting: RHB Phooka May 0-0: Ball
1-0: Ball
2-0: Ball
3-0: Base on Balls
Sebastian Rolon to second
Batting: RHB Jagger Macon 0-0: Ball
1-0: Ball
2-0: Called Strike
2-1: Ball
3-1: Base on Balls
Wyatt Ritter scores
Sebastian Rolon to third
Phooka May to second
Batting: LHB Adrian Cooke 0-0: Called Strike
0-1: Ball
1-1: Ball
2-1: Foul Ball, location: 2F
2-2: Strikes out swinging
Top of the 8th over - 1 run, 0 hits, 0 errors, 3 left on base; Atlanta 2 - Baltimore 1
BOTTOM OF THE 8TH
Baltimore Orioles batting - Pitching for Atlanta Braves : LHP Doug Freligh
Now at SS: Steven Filar
Now in LF: Aiden Newman
Now in RF: Sebastian Rolon
Batting: SHB Magglio Trego 0-0: Ball
1-0: Ball
2-0: Called Strike
2-1: Foul Ball, location: 7LSF
2-2: Strikes out swinging
Batting: RHB Mateo Decker 0-0: Ball
1-0: SINGLE (Groundball, 4MD, EV 95.0 MPH)
Batting: SHB Kaleb Drew 0-0: Called Strike
0-1: Ball
1-1: SINGLE (Groundball, P, EV 78.1 MPH) (infield hit)
Mateo Decker to second
Pitching: LHP Arturo Frank
Batting: RHB Truman Jackson 0-0: Swinging Strike
0-1: Ball
1-1: Swinging Strike
1-2: Grounds into double play, 6-4-3 (Groundball, 6, EV 90.6 MPH)
Bottom of the 8th over - 0 runs, 2 hits, 0 errors, 1 left on base; Atlanta 2 - Baltimore 1
TOP OF THE 9TH
Atlanta Braves batting - Pitching for Baltimore Orioles : RHP Xavier Basha
Batting: RHB C.J. Chayrez 0-0: Called Strike
0-1: Swinging Strike
0-2: Ball
1-2: Strikes out swinging
Batting: RHB Peter Guice 0-0: Ball
1-0: Foul Ball, location: 23FF
1-1: Ground out 4-3 (Groundball, 4M, EV 86.3 MPH)
Batting: RHB Aiden Newman 0-0: Ball
1-0: Ground out 6-3 (Groundball, P, EV 81.9 MPH)
Top of the 9th over - 0 runs, 0 hits, 0 errors, 0 left on base; Atlanta 2 - Baltimore 1
BOTTOM OF THE 9TH
Baltimore Orioles batting - Pitching for Atlanta Braves : LHP Arturo Frank
Batting: RHB Cooper Bean 0-0: Ground out 5-3 (Groundball, 5L, EV 105.0 MPH)
Batting: RHB Paul Ramos 0-0: Ground out 5-3 (Groundball, 5L, EV 85.6 MPH)
Batting: RHB Gonçalo Melo 0-0: Ground out 6-3 (Groundball, 56, EV 102.5 MPH)
Bottom of the 9th over - 0 runs, 0 hits, 0 errors, 0 left on base; Atlanta 2 - Baltimore 1
Tuesday, May 7th , 2024 - OOTP Baseball 24.11 Build 85